 Dungeon Crawl Stone Soup version 0.26-a0-576-gcfaa98f945 (webtiles) character file.

Game seed: 14931597117722286125

65 Descartes the Magician (level 3, -6/19 HPs)
             Began as a Deep Elf Hedge Wizard on Aug 22, 2020.
             Killed from afar by an orc wizard (10 damage)
             ... with a puff of flame
             ... on level 1 of the Dungeon.
             The game lasted 00:02:52 (1653 turns).

Descartes the Magician (Deep Elf Hedge Wizard)      Turns: 1653, Time: 00:02:52

Health: -6/19      AC:  3    Str:  7    XL:     3   Next: 94%
Magic:  9/10       EV: 13    Int: 19    God:
Gold:   87         SH:  0    Dex: 14    Spells: 9/10 levels left

rFire    . . .     SeeInvis .   a - +0 dagger
rCold    . . .     Faith    .   (no shield)
rNeg     . . .     Spirit   .   d - +0 robe
rPois    .         Reflect  .   c - +0 hat
rElec    .         Harm     .   (no cloak)
rCorr    .                      (no gloves)
MR       .....                  i - +0 pair of boots
Stlth    ++........             (no amulet)
HPRegen  0.06/turn              (no ring)
MPRegen  0.12/turn              (no ring)

@: slowed, very slow
A: no striking features
a: no special abilities


You were on level 1 of the Dungeon.
You visited 1 branch of the dungeon, and saw 2 of its levels.

You collected 87 gold pieces.

Inventory:

Hand Weapons
 a - a +0 dagger (weapon)
 b - a +0 hunting sling
Missiles
 h - 49 stones (quivered)
 l - 16 bolts
Armour
 c - a +0 hat (worn)
 d - a +0 robe (worn)
 i - a +0 pair of boots (worn)
Jewellery
 j - an uncursed ring of fire {unknown}
Scrolls
 e - a scroll of identify {unknown}
 k - a scroll of fog {unknown}
 m - a scroll of amnesia {unknown}
Potions
 f - a potion of degeneration {unknown}
 g - a potion of curing {unknown}


   Skills:
 - Level 2.4 Dodging
 - Level 2.4 Stealth
 - Level 4.4 Spellcasting
 + Level 4.2 Conjurations
   Level 1.1 Summonings
   Level 1.1 Translocations


You had 9 spell levels left.
You knew the following spells:

 Your Spells              Type           Power        Failure   Level
a - Magic Dart            Conj           ###.         2%          1

Your spell library contained the following spells:

 Spells                   Type           Power        Failure   Level
 Blink                    Tloc           N/A          13%         2
 Call Imp                 Summ           #.......     13%         2
 Conjure Flame            Conj/Fire      ##......     17%         3
 Slow                     Hex            #.......     21%         2
 Mephitic Cloud           Conj/Pois/Air  #.......     22%         3


Dungeon Overview and Level Annotations

Branches:
Dungeon (2/15)

Altars:


Message History

Reactivating autopickup.
There is a stone staircase leading down here.
Unknown command.
Casting: Magic Dart (safe; 2% risk of failure)
Confirm with . or Enter, or press ? or * to list all spells.
Aiming: Magic Dart (safe; 2% risk of failure)
Press: ? - help, Shift-Dir - straight line, f - orc wizard
Aim: an orc wizard, wielding a +0 dagger and wearing a +0 robe The magic dart hits the orc wizard.
The orc wizard is moderately wounded.
Something hits you.
* * * LOW HITPOINT WARNING * * *
Deactivating autopickup; reactivate with Ctrl-A.
The orc wizard hits you with a +0 dagger.
* * * LOW HITPOINT WARNING * * *
You hear some strange, mumbled words.
A puff of flame appears from out of thin air!
The puff of flame hits you!
Ouch! That really hurt!
You die...

#.#...........#......###8##......
..#....#####.....††..# #######...
.............##......# #...
..........#####......## #...
...).....## #.......#### ####
.........#### #######....#####...
))...÷......### ####....##.[.
.........##...#############.##..)
.........####..{@o........[......
.........# ##################...
.........# #... .........# #...
########## ####


You could see an orc wizard.

Vanquished Creatures
  3 adders (D:2)
  An ooze (D:1)
  4 bats (D:1)
  A giant cockroach (D:2)
  3 goblins
  5 hobgoblins
  4 jackals (D:1)
  A quokka (D:2)
  3 ball pythons
  A frilled lizard (D:2)
  A kobold (D:1)
  6 rats
33 creatures vanquished.

Notes
Turn   | Place    | Note
-------+----------+-------------------------------------------
     0 | D:1      | Descartes the Deep Elf Hedge Wizard began the quest for the
                  | Orb.
     0 | D:1      | Reached XP level 1. HP: 10/10 MP: 7/7
   366 | D:1      | Reached XP level 2. HP: 15/15 MP: 6/9
   966 | D:2      | Reached XP level 3. HP: 18/19 MP: 8/10
  1653 | D:1      | Killed from afar by an orc wizard

Illustrated notes

Levels and vault maps discovered:
D:1:      dpeg_arrival_short_road, layout_rooms, chequers_hall_statues_y,
          minmay_misc_feat_cross
D:2:      layout_basic, roderic_serpentine_path

Skill      XL: |  1  2  3 |
---------------+----------+-----
Conjurations   | 2 3 4 |  4.2
Dodging        | |  2.4
Stealth        | |  2.4
Spellcasting   | |  4.4
Summonings     | |  1.1
Translocations | |  1.1

Action                   || total
-------------------------++-------
Melee: Dagger            ||     1
 Cast: Magic Dart        ||    73
 Stab: Sleeping          ||     1
Armor: Robe              ||     3
Dodge: Dodged            ||     4

Table legend: (Time is in decaauts)
 A = Elapsed time spent in this place.
 B = Non-inter-level travel time spent in this place.
 C = Inter-level travel time spent in this place.
 D = Time resting spent in this place.
 E = Time spent auto-exploring this place.
 F = Levels seen in this place.
 G = Mean time per level.
                   A        B        C        D        E       F      G
               +--------+--------+--------+--------+--------+-----+--------+
         Total |   1658 |   1578 |     80 |      0 |   1418 |   2 |  829.0 |
       Dungeon |   1658 |   1578 |     80 |      0 |   1418 |   2 |  829.0 |
               +--------+--------+--------+--------+--------+-----+--------+

Top non-repeatable levels by time:
     D:1: 965 daAuts
     D:2: 693 daAuts
